 Dungeon Crawl Stone Soup version 0.21.1-1-g345015f (webtiles) character file.

2 vatarom the Grave Robber (level 1, 0/13 HPs)
             Began as a Gnoll Wanderer on May 23, 2018.
             Slain by a jackal (1 damage)
             ... on level 1 of the Dungeon.
             The game lasted 00:00:30 (47 turns).

vatarom the Grave Robber (Gnoll Wanderer)             Turns: 47, Time: 00:00:31

Health: 0/13       AC:  2    Str: 13    XL:     1   Next: 40%
Magic:  6/6        EV:  9    Int: 14    God:
Gold:   0          SH:  9    Dex: 15    Spells: 8/9 levels left

rFire    . . .     SeeInvis .   e - +0 dagger
rCold    . . .     Gourm    .   a - +0 shield
rNeg     . . .     Faith    .   d - +0 robe
rPois    .         Spirit   .   (no helmet)
rElec    .         Reflect  .   (no cloak)
rCorr    .         Harm     .   (no gloves)
MR       .....                  (no boots)
Stlth    +.........             (no amulet)
HPRegen  0.04/turn              (no ring)
MPRegen  0.10/turn              (no ring)

@: very slightly contaminated
A: distributed training, fangs 1, strong nose
a: no special abilities


You were on level 1 of the Dungeon.
You were not hungry.

You visited 1 branch of the dungeon, and saw 1 of its levels.

Inventory:

Hand Weapons
 e - a +0 dagger (weapon)
Armour
 a - a +0 shield (worn)
 d - a +0 robe (worn)
Books
 b - the Handbook of the Firefly

   Spells                             Type                      Level
   a - Summon Small Mammal            Summoning                    1
   b - Call Canine Familiar           Summoning                    3
 c - Hefo's Reference Book on Displacement

   Spells                             Type                      Level
   a - Apportation                    Translocation                1
   b - Recall                         Summoning/Translocation      3
Comestibles
 f - a ration


   Skills:
 + Level 0.0 Fighting
 + Level 0.0 Short Blades
 + Level 0.0 Long Blades
 + Level 0.0 Axes
 + Level 0.0 Maces & Flails
 + Level 0.0 Polearms
 + Level 0.0 Staves
 + Level 0.0 Slings
 + Level 0.0 Bows
 + Level 0.0 Crossbows
 + Level 0.0 Throwing
 + Level 0.0 Armour
 + Level 0.0 Dodging
 + Level 0.0 Stealth
 + Level 4.4 Shields
 + Level 0.0 Unarmed Combat
 + Level 4.8 Spellcasting
 + Level 0.0 Conjurations
 + Level 1.9 Hexes
 + Level 0.0 Charms
 + Level 0.0 Summonings
 + Level 5.3 Necromancy
 + Level 0.0 Translocations
 + Level 0.0 Transmutations
 + Level 0.0 Fire Magic
 + Level 0.0 Ice Magic
 + Level 3.6 Air Magic
 + Level 0.0 Earth Magic
 + Level 0.0 Poison Magic
 + Level 0.1 Invocations
 + Level 0.0 Evocations


You had 8 spell levels left.
You knew the following spells:

 Your Spells              Type           Power        Failure   Level  Hunger
a - Summon Small Mammal   Summ           #...         56%         1    None


Dungeon Overview and Level Annotations

Branches:
Dungeon (1/15)

Altars:


Innate Abilities, Weirdness & Mutations

Your experience applies equally to all skills.
You have very sharp teeth.
Your uncanny sense of smell can sniff out nearby items.


Message History

You closely miss the jackal. You bite the jackal, but do no damage.
The jackal is moderately wounded.
You block the jackal's attack.
The jackal bites you but does no damage.
The jackal barely misses you. x2
You closely miss the jackal.
The jackal is moderately wounded.
You block the jackal's attack. The jackal barely misses you.
The jackal bites you.
You hit the jackal but do no damage. You block the jackal's attack.
The jackal misses you.
You completely miss the jackal. The jackal bites you. x3
* * * LOW HITPOINT WARNING * * *
The jackal bites you but does no damage.
You hit the jackal but do no damage. You bite the jackal, but do no damage.
The jackal bites you.
* * * LOW HITPOINT WARNING * * *
You block the jackal's attack. The jackal closely misses you.
You hit the jackal but do no damage. The jackal bites you.
You die...

##. (. .. . .#
# ###.#..##
#††......
#########h#∆
#.......h@#
#.##..###.#
###.###.###.###
#.............#
#.8.⌠⌠⌠(⌠⌠⌠.8.#
#.............#
∆
#≈≈≈≈≈≈≈≈≈≈≈≈≈#
#≈≈≈≈≈≈≈≈≈≈≈≈≈#
#≈≈≈≈≈≈≈≈≈≈≈≈≈#


You could see 2 jackals.

Vanquished Creatures
  A ball python (D:1)
  A jackal (D:1)
2 creatures vanquished.

Notes
Turn   | Place    | Note
-------+----------+-------------------------------------------
     0 | D:1      | vatarom the Gnoll Wanderer began the quest for the Orb.
     0 | D:1      | vatarom set off with: a +0 shield, the Handbook of the Firefly, Hefo's Reference Book on Displacement, a +0 robe, a +0 dagger, a ration
     0 | D:1      | Reached XP level 1. HP: 13/13 MP: 6/6
     0 | D:1      | Identified the Handbook of the Firefly
     0 | D:1      | Identified Hefo's Reference Book on Displacement
     2 | D:1      | Learned a level 1 spell: Summon Small Mammal
    47 | D:1      | Slain by a jackal

Action                   || total
-------------------------++-------
Melee: Dagger            ||    16
       Bite              ||     3
 Cast: Summon Small Mamm ||     1
Armor: Robe              ||     5
Dodge: Dodged            ||    11
Block: Shield            ||    13
